 Dungeon Crawl Stone Soup version 0.31-a0-175-g9f7f995f2b (webtiles) character file.

Game seed: 8066595927624749820

1260 qw the Cleaver (level 8, -7/49 HPs)
             Began as a Gargoyle Fighter on June 17, 2023.
             Was an Initiate of Okawaru.
             Mangled by Pikel
             ... wielding a +2 whip of freezing
              (11 damage)
             ... on level 5 of the Dungeon.
             The game lasted 00:02:29 (4109 turns).

qw the Cleaver (Gargoyle Fighter)                   Turns: 4109, Time: 00:02:30

Health: -7/49      AC: 17    Str: 22    XL:     8   Next: 52%
Magic:  8/8        EV:  8    Int:  9    God:    Okawaru [......]
Gold:   191        SH:  4    Dex:  9    Spells: 7/7 levels left

rFire   . . .        Y - +0 war axe
rCold   . . .        c - +0 buckler
rNeg    + . .        e - +0 chain mail
rPois   inf          b - +0 helmet
rElec   +            (no cloak)
rCorr   .            (no gloves)
SInv    .            h - +0 pair of boots
Will    .....        (no amulet) Stlth
                     (no ring)
HPRegen 0.28/turn    (no ring)
MPRegen 0.11/turn

%: no passive effects
@: no status effects
A: sickness immunity, AC +5, negative energy resistance 1, electricity
resistance, torment resistance 1, petrification resistance
a: Renounce Religion


You were on level 5 of the Dungeon.
You worshipped Okawaru.
Okawaru was noncommittal.
You visited 1 branch of the dungeon, and saw 6 of its levels.

You collected 191 gold pieces.


Innate Abilities, Weirdness & Mutations

You are immune to sickness and miasma.
Your stone body is resilient. (AC +5)
You are immune to poison.
You resist negative energy. (rN+)
You are resistant to electric shocks. (rElec)
You are resistant to unholy torment.
You are immune to petrification.


   Skills:
 - Level 5.0 Fighting
 - Level 8.1 Axes
 + Level 1.2 Throwing
 - Level 3.2 Armour
 - Level 2.5 Dodging
 - Level 3.2 Shields


You had 7 spell levels left.
You didn't know any spells.
Your spell library was empty.

Inventory:

Hand Weapons
 n - a +0 flail
 Y - a +0 war axe (weapon)
Missiles
 j - 2 javelins (quivered)
Armour
 b - a +0 helmet (worn)
 c - a +0 buckler (worn)
 e - a +0 chain mail (worn)
 h - a +0 pair of boots (worn)
Scrolls
 a - 2 scrolls of identify
Potions
 d - a potion of might
 f - 2 potions of cancellation
 g - a potion of curing
 k - 2 potions of enlightenment
 o - a potion of attraction

Dungeon Overview and Level Annotations

Branches:
Dungeon (6/15)
 Temple: D:4-7

Altars:
Fedhas
Okawaru
Ru
Vehumet
Wu Jian

Shops:
D:1 :

Annotations:
D:5 2 transporters, Pikel; qw's ghost, novice NaHu


Message History

Press < or > to pray at altars.
You barely miss Pikel.
Pikel is almost dead.
Pikel says, "You'll feel the lick of my whip!"
Pikel hits you but does no damage.
Press < or > to pray at altars.
Press < or > to pray at altars.
Press < or > to pray at altars.
Press < or > to pray at altars.
You hit Pikel but do no damage.
Pikel is almost dead.
Pikel hits you with a +2 whip of freezing.
Pikel freezes you.
Press < or > to pray at altars.
Press < or > to pray at altars.
Press < or > to pray at altars.
Press < or > to pray at altars.
You barely miss Pikel.
Pikel is almost dead.
Pikel waves his whip at you.
Pikel hits you with a +2 whip of freezing.
Pikel freezes you.
Press < or > to pray at altars.
Press < or > to pray at altars.
Press < or > to pray at altars.
Press < or > to pray at altars.
You barely miss Pikel.
Pikel is almost dead.
Pikel says, "You'll feel the lick of my whip!"
Pikel hits you with a +2 whip of freezing!
Pikel freezes you.
Press < or > to pray at altars.
Press < or > to pray at altars.
Press < or > to pray at altars.
Press < or > to pray at altars.
You hit Pikel.
Pikel is almost dead.
You block Pikel's attack.
Press < or > to pray at altars.
Press < or > to pray at altars.
Press < or > to pray at altars.
Press < or > to pray at altars.
You barely miss Pikel.
Pikel is almost dead.
Pikel hits you with a +2 whip of freezing!
You die...

......#
#........#....#
......#
#........'....#
......#
#########'##+####
.....##
#...............#
.....#
#......<........#
.....#
#...............#
.....#
#....¤...¤......#
.....#
+....¤#'#¤......#
.....#
#.....#@#.......#
#+##.. ...##
#K#+####### ...#
.. 55. ...# .
..... ...+
....... ...#
#.......# ####
######### ...#
...#


You could see Pikel and 2 lemures.

Vanquished Creatures
  Grinder (D:4)
  Prince Ribbit (D:5)
  Sigmund (D:4)
  2 phantoms
  A scorpion (D:5)
  2 jellies
  3 hounds
  2 iguanas (D:4)
  A sleepcap (D:5)
  Robin (D:3)
  9 adders
  3 gnolls (D:5)
  A river rat (D:5)
  A white imp (D:5)
  An ufetubus (D:5)
  5 worms
  2 dart slugs
  7 orcs (D:3)
  6 bats
  8 endoplasms
  3 giant cockroaches
  16 goblins
  11 hobgoblins
  4 jackals
  3 quokkas
  6 ball pythons
  6 frilled lizards
  10 kobolds
  4 rats
121 creatures vanquished.

Notes
Turn   | Place    | Note
-------+----------+-------------------------------------------
     0 | D:1      | qw the Gargoyle Fighter began the quest for the Orb.
     0 | D:1      | Reached XP level 1. HP: 14/14 MP: 1/1
     0 | D:1      | 0 ||| qw: Version: 0.3-a-2-g5ab2908
     0 | D:1      | 0 ||| qw: Game counter: 376
     0 | D:1      | 0 ||| qw: Always use a shield: true
     0 | D:1      | 0 ||| qw: God list: Okawaru
     0 | D:1      | 0 ||| qw: Allow faded altars: false
     0 | D:1      | 0 ||| qw: Do Orc after D:15 true
     0 | D:1      | 0 ||| qw: Do second Lair branch before Depths: true
     0 | D:1      | 0 ||| qw: Lair rune preference: random
     0 | D:1      | 0 ||| qw: Plans: Normal, Zot:1-4, Slime:5, God:TSO, Crypt,
                  | Tomb, Abyss, Pan, Hells, Win
     0 | D:1      | 0 ||| PLANNING D:1-11
    45 | D:1      | 45 ||| Stepping ~*~*~tactically~*~*~ (stealth).
    54 | D:1      | Reached skill level 2 in Axes
    99 | D:1      | Reached XP level 2. HP: 19/19 MP: 2/2
   263 | D:1      | 263 ||| Stepping ~*~*~tactically~*~*~ (hiding).
   285 | D:1      | Reached skill level 3 in Axes
   286 | D:1      | 286 ||| Stepping ~*~*~tactically~*~*~ (stealth).
   288 | D:1      | 288 ||| Stepping ~*~*~tactically~*~*~ (stealth).
   291 | D:1      | 291 ||| Stepping ~*~*~tactically~*~*~ (hiding).
   405 | D:1      | Reached XP level 3. HP: 23/23 MP: 3/3
   435 | D:1      | 435 ||| Stepping ~*~*~tactically~*~*~ (hiding).
   687 | D:1      | Found Jiocwu's Book Shoppe.
   798 | D:1      | 798 ||| DROPPING orb of guile.
   799 | D:1      | 799 ||| READING 5 scrolls labelled LIUJ UCOYVOM.
   800 | D:1      | 800 ||| READING scroll labelled HUZYQUVEMI.
   803 | D:1      | 803 ||| DRINKING 2 white potions.
   845 | D:2      | 845 ||| DROPPING +0 club.
   888 | D:2      | 888 ||| DROPPING +0 whip.
   931 | D:2      | Reached skill level 1 in Throwing
   931 | D:2      | Reached XP level 4. HP: 28/28 MP: 4/4
  1301 | D:2      | 1301 ||| UPGRADING to +0 chain mail.
  1311 | D:2      | 1311 ||| DROPPING +0 scale mail.
  1312 | D:2      | 1312 ||| READING scroll labelled DAUD EGULINASE.
  1313 | D:2      | 1313 ||| DRINKING 2 murky sapphire potions.
  1314 | D:2      | 1314 ||| READING 5 scrolls of identify.
  1314 | D:2      | 1314 ||| IDENTIFYING inky potion
  1315 | D:2      | 1315 ||| READING 4 scrolls of identify.
  1315 | D:2      | 1315 ||| IDENTIFYING glowing silvery potion
  1353 | D:3      | Reached skill level 4 in Axes
  1390 | D:3      | Found a sacrificial altar of Ru.
  1504 | D:3      | 1504 ||| Stepping ~*~*~tactically~*~*~ (stealth).
  1505 | D:3      | 1505 ||| Stepping ~*~*~tactically~*~*~ (stealth).
  1514 | D:3      | 1514 ||| Stepping ~*~*~tactically~*~*~ (stealth).
  1516 | D:3      | Reached XP level 5. HP: 32/32 MP: 5/5
  1517 | D:3      | 1517 ||| Stepping ~*~*~tactically~*~*~ (stealth).
  1538 | D:3      | Noticed Robin
  1546 | D:3      | Killed Robin
  1699 | D:3      | 1699 ||| Stepping ~*~*~tactically~*~*~ (stealth).
  1702 | D:3      | 1702 ||| Stepping ~*~*~tactically~*~*~ (stealth).
  1714 | D:3      | 1714 ||| Stepping ~*~*~tactically~*~*~ (hiding).
  1738 | D:3      | Noticed a golden eye
  1742 | D:3      | Found a faded altar of an unknown god.
  1744 | D:3      | Noticed a great orb of eyes
  1744 | D:3      | Noticed an eye of devastation
  1744 | D:3      | Noticed a floating eye
  1839 | D:3      | Found an ornate altar of the Wu Jian Council.
  2078 | D:3      | 2078 ||| UPGRADING to +0 helmet.
  2083 | D:3      | 2083 ||| DRINKING 2 ruby potions.
  2084 | D:3      | 2084 ||| READING 3 scrolls of identify.
  2084 | D:3      | 2084 ||| IDENTIFYING fuming amethyst potion
  2085 | D:3      | 2085 ||| READING 2 scrolls of identify.
  2085 | D:3      | 2085 ||| IDENTIFYING lumpy dark potion
  2086 | D:3      | 2086 ||| DROPPING potion of berserk rage.
  2087 | D:3      | 2087 ||| DROPPING potion of brilliance.
  2125 | D:4      | Noticed Grinder
  2132 | D:4      | Paralysed by Grinder for 4 turns
  2142 | D:4      | Paralysed by Grinder for 4 turns
  2143 | D:4      | HP: 8/32 [Grinder/nerve-wracking pain (7)]
  2146 | D:4      | 2146 ||| READING scroll of teleportation.
  2148 | D:4      | HP: 6/32 [Grinder (3)]
  2149 | D:4      | 2149 ||| DRINKING potion of heal wounds.
  2172 | D:4      | Reached skill level 5 in Axes
  2234 | D:4      | Reached XP level 6. HP: 33/38 MP: 6/6
  2234 | D:4      | 2234 ||| FLEEEEING.
  2235 | D:4      | 2235 ||| FLEEEEING.
  2237 | D:4      | 2237 ||| FLEEEEING.
  2238 | D:4      | 2238 ||| FLEEEEING.
  2337 | D:4      | 2337 ||| Stepping ~*~*~tactically~*~*~ (stealth).
  2339 | D:4      | 2339 ||| Stepping ~*~*~tactically~*~*~ (hiding).
  2342 | D:4      | 2342 ||| Stepping ~*~*~tactically~*~*~ (stealth).
  2346 | D:4      | 2346 ||| Stepping ~*~*~tactically~*~*~ (hiding).
  2361 | D:4      | Killed Grinder
  2362 | D:4      | Reached skill level 6 in Axes
  2362 | D:4      | Reached XP level 7. HP: 36/43 MP: 7/7
  2448 | D:4      | Found a radiant altar of Vehumet.
  2496 | D:4      | Noticed Sigmund
  2497 | D:4      | 2497 ||| Stepping ~*~*~tactically~*~*~ (hiding).
  2498 | D:4      | 2498 ||| Stepping ~*~*~tactically~*~*~ (hiding).
  2499 | D:4      | 2499 ||| Stepping ~*~*~tactically~*~*~ (hiding).
  2521 | D:4      | Killed Sigmund
  2582 | D:4      | Found a blossoming altar of Fedhas.
  2587 | D:4      | You fall into a shaft and drop 2 floors!
  2588 | D:6      | 2588 ||| STAIRDANCE
  2589 | D:5      | Entered Level 5 of the Dungeon
  2590 | D:5      | 2590 ||| PLANNING SEWER
  2605 | D:5      | Noticed qw's ghost (novice NaHu)
  2637 | D:5      | Found a transporter.
  2676 | D:5      | Found a transporter.
  2752 | D:5      | Reached skill level 7 in Axes
  2759 | D:5      | Reached XP level 8. HP: 48/48 MP: 8/8
  2814 | D:5      | 2814 ||| Stepping ~*~*~tactically~*~*~ (hiding).
  2881 | D:5      | 2881 ||| DROPPING +0 mace.
  2974 | D:5      | Noticed Prince Ribbit
  2988 | D:5      | HP: 4/48 [Prince Ribbit (12)]
  2993 | D:5      | 2993 ||| READING scroll of teleportation.
  3199 | D:5      | 3199 ||| RIP SEWER
  3202 | D:5      | 3202 ||| PLANNING D:1-11
  3215 | D:5      | 3215 ||| READING 2 scrolls labelled ZIDIKLIANOSH.
  3216 | D:5      | 3216 ||| READING scroll labelled DIAFUF XOWISAF.
  3217 | D:5      | 3217 ||| DROPPING scroll of amnesia.
  3374 | D:4      | 3374 ||| Stepping ~*~*~tactically~*~*~ (hiding).
  3375 | D:4      | 3375 ||| Stepping ~*~*~tactically~*~*~ (hiding).
  3377 | D:4      | 3377 ||| Stepping ~*~*~tactically~*~*~ (hiding).
  3378 | D:4      | 3378 ||| Stepping ~*~*~tactically~*~*~ (hiding).
  3379 | D:4      | 3379 ||| Stepping ~*~*~tactically~*~*~ (hiding).
  3403 | D:4      | 3403 ||| Stepping ~*~*~tactically~*~*~ (stealth).
  3842 | D:5      | HP: 3/49 [Prince Ribbit (11)]
  3843 | D:5      | Killed Prince Ribbit
  3844 | D:5      | Reached skill level 8 in Axes
  4071 | D:5      | Found an iron altar of Okawaru.
  4072 | D:5      | 4072 ||| PLANNING OKAWARU WORSHIP
  4072 | D:5      | 4072 ||| UPGRADING to +0 pair of boots.
  4077 | D:5      | 4077 ||| READING scroll labelled PURIME VEON.
  4080 | D:5      | Became a worshipper of Warmaster Okawaru
  4081 | D:5      | 4081 ||| PLANNING D:1-11
  4081 | D:5      | Noticed Pikel
  4107 | D:5      | HP: 7/49 [Pikel/+2 whip of freezing (8)]
  4109 | D:5      | Mangled by Pikel

Levels and vault maps discovered:
D:1:      grunt_arrival_lava_bath, layout_loops_ring, serial_shops,
          nicolae_shop_stone, dk_noncrumbling_3, lexackson_kobold_supper
D:2:      layout_rooms
D:3:      layout_loops_ring, mainiacjoe_overflow_cross_hatched,
          mainiacjoe_overflow_alcove_4, hellmonk_ecumenical_altar_watching_god,
          uniq_robin
D:4:      layout_gridville, nicolae_vehumet_altar_sigil, lemuel_crystal_altar,
          uniq_sigmund, uniq_grinder
D:5:      layout_gridville, kennysheep_mini, gammafunk_ghost_arena,
          gup_sewer_entry_bubbles, minmay_parallelograms, chequers_mini_garden,
          uniq_pikel, uniq_prince_ribbit1
D:6:      layout_loops_ring, minmay_temple_entry_slanted, kennysheep_diamond,
          nicolae_elevator_lobby_plus

Skill      XL: |  1  2  3  4  5  6  7  8 |
---------------+-------------------------+-----
Axes           | 2 3 4 5 6 7 8 |  8.1
Throwing       | 1 |  1.2
Fighting       | 4 5 |  5.0
Dodging        | 2 |  2.5
Armour         | |  3.2
Shields        | |  3.2

Action                     |  1- 3 |  4- 6 |  7- 9 || total
---------------------------+-------+-------+-------++-------
  Melee: War axe           |   107 |   123 |   192 ||   422
  Throw: Javelin           |    11 |    54 |    20 ||    85
    Use: Scroll            |     2 |     6 |     4 ||    12
         Potion            |     1 |     3 |       ||     4
 Armour: Scale mail        |    68 |    22 |       ||    90
         Chain mail        |       |    58 |    84 ||   142
  Dodge: Dodged            |    45 |    38 |    68 ||   151
  Block: Buckler           |    26 |    15 |    27 ||    68

Table legend:
 A = Non-vault XP
 B = Vault XP
 C = Vault XP percentage of total XP
 D = Non-vault monster count
 E = Vault monster count
 F = Vault count percentage of total count
                 A         B        C        D         E       F
            +---------+---------+-------+---------+---------+-------
      Total |     913 |     887 |  49.3 |      92 |      29 |  24.0
            +---------+---------+-------+---------+---------+-------
        D:1 |      51 |       8 |  13.6 |      29 |       8 |  21.6
        D:2 |      72 |       0 |   0.0 |      18 |       0 |   0.0
        D:3 |      65 |      38 |  36.9 |      19 |      13 |  40.6
        D:4 |     341 |     547 |  61.6 |      14 |       2 |  12.5
        D:5 |     384 |     294 |  43.4 |      12 |       6 |  33.3
            +---------+---------+-------+---------+---------+-------
